 Dungeon Sprint DCSS version 0.30.1-3-gfc49f6343a (webtiles) character file.

Game seed: 2808860938758631247

3157 boopmooplesden the Phalangite (level 11, -3/124 HPs)
             Began as a Minotaur Berserker on Aug 2, 2023.
             Was a High Priest of Trog.
             Killed from afar by Arachne (13 damage)
             ... with a poison arrow
             ... in the Dungeon (Sprint VI: "Thunderdome").
             The game lasted 00:08:20 (1461 turns).

boopmooplesden the Phalangite (Minotaur Berserker)  Turns: 1461, Time: 00:08:21

Health: -3/124     AC: 17    Str: 24    XL:     11   Next: 78%
Magic:  10/10      EV: 20    Int: 10    God:    Trog [*****.]
Gold:   659        SH:  0    Dex: 12    Spells: 10/10 levels left

rFire   + + +        r - +1 scythe (protect)
rCold   x . .        (shield currently unavailable)
rNeg    + . .        w - +0 leather armour of Faexophe {rN+}
rPois   .            s - +0 hat of Experimentation {rF+}
rElec   +            v - +1 cloak of the Boiling Point {Will+ Str+2}
rCorr   +            u - +0 pair of gloves of Fedhas's Whim {Will++}
SInv    .            t - +2 pair of boots of Qitocuy {*Slow +Inv Int+3}
Will    ++++.        o - amulet of Temptation {RegenMP rC- rCorr Str-2 Int+6 Dex+2}
Stlth   ++           m - ring of Xoto {Fly rElec rF+++ AC+4 Int-5}
HPRegen 0.40/turn    n - ring of Oenomania {Will+ EV+5}
MPRegen 0.52/turn

%: no teleportation, slow self (1%)
@: lethally poisoned (-3 -> -27), on berserk cooldown, flying, slowed, very slow
A: horns 2, retaliatory headbutt
}: 1/15 runes: serpentine
a: Renounce Religion, Evoke Invisibility, Berserk, Trog's Hand, Brothers in Arms


You were in the Dungeon.
You worshipped Trog.
Trog was extremely pleased with you.
You visited 1 branch You collected 2350 gold pieces.
You spent 1691 gold pieces at shops.

Inventory:

Hand Weapons
 a - a +0 spear
 r - a +1 scythe of protection (weapon)
Armour
 b - a +0 animal skin
 p - a +0 chain mail
 s - the +0 hat of Experimentation (worn) {rF+}
   (You bought it in a shop in the Dungeon)

   rF:        It protects you from fire.
 t - the +2 pair of boots of Qitocuy (worn) {*Slow +Inv Int+3}
   (You bought it in a shop in the Dungeon)

   Int:       It affects your intelligence (+3).
   +Inv:      It lets you turn invisible.
   *Slow:     It may slow you when you take damage.
 u - the +0 pair of gloves of Fedhas's Whim (worn) {Will++}
   (You bought it in a shop in the Dungeon)

   Will:      It greatly increases your willpower.
 v - the +1 cloak of the Boiling Point (worn) {Will+ Str+2}
   (You bought it in a shop in the Dungeon)

   Str:       It affects your strength (+2).
   Will:      It increases your willpower.
 w - the +0 leather armour of Faexophe (worn) {rN+}
   (You bought it in a shop in the Dungeon)

   rN:        It protects you from negative energy.
Jewellery
 m - the ring of Xoto (left hand) {Fly rElec rF+++ AC+4 Int-5}
   (You bought it in a shop in the Dungeon)

   [ring of protection]

   AC:        It affects your AC (+4).
   Int:       It affects your intelligence (-5).
   rF:        It renders you almost immune to fire.
   rElec:     It insulates you from electricity.
   Fly:       It grants you flight.
 n - the ring of Oenomania (right hand) {Will+ EV+5}
   (You bought it in a shop in the Dungeon)

   [ring of evasion]

   EV:        It affects your evasion (+5).
   Will:      It increases your willpower.
 o - the amulet of Temptation (around neck) {RegenMP rC- rCorr Str-2 Int+6 Dex+2}
   (You bought it in a shop in the Dungeon)

   [amulet of magic regeneration]

   It increases your rate of magic regeneration.
   Str:       It affects your strength (-2).
   Int:       It affects your intelligence (+6).
   Dex:       It affects your dexterity (+2).
   rC:        It makes you vulnerable to cold.
   rCorr:     It protects you from acid and corrosion.
Wands
 j - a wand of acid (5)
 k - a wand of roots (5)
 q - a wand of flame (15)
Scrolls
 h - 3 scrolls of blinking
 l - 3 scrolls of fog
Potions
 d - 2 potions of heal wounds
 e - 4 potions of haste
 f - 2 potions of magic
 g - a potion of berserk rage
 i - a potion of resistance


   Skills:
 + Level 20.1 Fighting
 + Level 21.4 Polearms
 + Level 15.5 Armour
 + Level 9.9 Dodging
 + Level 2.3 Stealth


You had 10 spell levels left.
You didn't know any spells.
Your spell library was empty.

Dungeon Overview and Level Annotations

Branches:
Dungeon (1/1)

Altars:
Cheibriados
Dithmenos
Fedhas
Gozag
Kikubaaqudgha
Makhleb
Okawaru
Qazlal
Ru
Sif Muna
Trog
Uskayaw
Vehumet
Wu Jian
Xom
Yredelemnul
Zin
The Shining One
Lugonu

Shops:
D *[??*?*:[((!!!!

Annotations:
D Arachne


Innate Abilities, Weirdness & Mutations

You have a pair of horns on your head.
You reflexively headbutt those who attack you in melee.


Message History

You feel sick.
Arachne says, "You'll find yourself a bit attached to my weave."
Arachne stares at you and mumbles some strange words.
The poison arrow hits you!
You are lethally poisoned!
* * * LOW HITPOINT WARNING * * *
You feel better.
Arachne's staff shoots out a stream of webbing.
The stream of webbing hits you but does no damage.
You are caught in a web!
Your troll bites Arachne!!
Your troll closely misses Arachne.
Your troll barely misses Arachne.
Arachne casts a spell at your troll. The poison arrow hits your troll!!
Your troll looks as sick as possible!
Your troll bites Arachne!!
Your troll barely misses Arachne. x2
Unknown command.
You feel much better.
Arachne hits your troll with a staff of poison!
Arachne envenoms your troll.
Your troll looks as sick as possible!
Your troll bites Arachne!
Your troll barely misses Arachne.
Your troll misses Arachne.
Arachne hits your troll with a staff of poison!!
Arachne envenoms your troll!
Your troll dies!
Your troll's corpse disappears in a puff of smoke!
Arachne hits you but does no damage. Arachne envenoms you!
* * * LOW HITPOINT WARNING * * *
You are poisoned.
The web tears apart.
You feel sick.
You are no longer poisoned.
Arachne hits you with a staff of poison!
* * * LOW HITPOINT WARNING * * *
Arachne envenoms you.
* * * LOW HITPOINT WARNING * * *
You are poisoned.
Arachne stares at you and mumbles some strange words.
The poison arrow hits you!
You are lethally poisoned!
You die...

##.___..)...###...)..___∩##
###∩........8.# #.8........∩#
##.............###............
#⌠.......)[.###..)###.........
#⌠..........# #.<[# #.........
#⌠.....)....###...###.........
##............)###...)........
###∩........8)# #.8........∩#
##∩___....@.###.......__∩##
######.8§H.......8[######
#⌠..†......†.⌠#
###.........### #........_#
#_......._# #_........#
#∩.......∩# ##∩.....∩##


You could see Arachne.

Vanquished Creatures
  An emperor scorpion (D)
  A ghost moth (D)
  A broodmother (D)
  An anaconda (D)
  Nergalle (D)
  A flayed ghost (D)
  A phantasmal warrior (D)
  An oklob plant (D)
  2 demonic crawlers (D)
  4 queen bees (D)
  Sigmund (D)
  A culicivora (D)
  2 shadows (D)
  3 wraiths (D)
  A naga (D)
  6 ogres (D)
  A phantom (D)
  A necrophage (D)
  A scorpion (D)
  A wight (D)
  3 killer bees (D)
  A hound (D)
  Terence (D)
  A gnoll (D)
  2 adders (D)
  An ufetubus (D)
  A bat skeleton (D)
  A bat zombie (D)
  An endoplasm (D)
  2 giant cockroaches (D)
  A hobgoblin (D)
  4 ball pythons (D)
51 creatures vanquished.

Vanquished Creatures (collateral kills)
  An emperor scorpion (D)
  2 eidola (D)
  A boulder beetle (D)
  A radroach (D)
5 creatures vanquished.

Grand Total: 56 creatures vanquished

Notes
Turn   | Place    | Note
-------+----------+-------------------------------------------
     0 | D        | boopmooplesden the Minotaur Berserker began the quest for
                  | the Orb.
     0 | D        | Reached XP level 1. HP: 19/19 MP: 0/0
     3 | D        | Found a glowing golden altar of the Shining One.
     4 | D        | Found a sacrificial altar of Ru.
     4 | D        | Found a burning altar of Makhleb.
     5 | D        | Found a basalt altar of Yredelemnul.
     5 | D        | Found an iron altar of Okawaru.
     5 | D        | Round 1.
     6 | D        | Found a corrupted altar of Lugonu.
     6 | D        | Found a bloodstained altar of Trog.
     6 | D        | Found Kuhuocat's Identification Station.
     7 | D        | Found Ophyst's Jewellery.
     7 | D        | Found Watrioba's Advanced Armour.
    14 | D        | Reached skill level 4 in Polearms
    20 | D        | Bought a transparent iron ring for 45 gold pieces
    20 | D        | Identified the ring of Xoto {Fly rElec rF+++ AC+4 Int-5}
                  | (You bought it in a shop in the Dungeon)
    20 | D        | Bought a smoking pewter ring for 45 gold pieces
    20 | D        | Identified the ring of Oenomania {Will+ EV+5} (You bought
                  | it in a shop in the Dungeon)
    20 | D        | Bought a brightly glowing ruby amulet for 45 gold pieces
    20 | D        | Identified the amulet of Temptation {RegenMP rC- rCorr
                  | Str-2 Int+6 Dex+2} (You bought it in a shop in the Dungeon)
    33 | D        | Found a glowing silver altar of Zin.
    34 | D        | Found Edofewuo's Magic Scroll Shop.
    35 | D        | Found an ancient bone altar of Kikubaaqudgha.
    35 | D        | Found an opulent altar of Gozag.
    35 | D        | Found a shimmering altar of Xom.
    35 | D        | Found Uvaut's Staff Store.
    35 | D        | Found Otuph's Magic Scroll Shop.
    35 | D        | Found Rasiur's Must-Have Magic.
    70 | D        | Noticed Terence
    77 | D        | Killed Terence
    78 | D        | Reached skill level 5 in Fighting
    78 | D        | Reached skill level 5 in Polearms
    78 | D        | Reached XP level 2. HP: 30/30 MP: 1/1
    85 | D        | Found a shimmering blue altar of Sif Muna.
    96 | D        | Found a radiant altar of Vehumet.
    97 | D        | Found a stormy altar of Qazlal.
    97 | D        | Found an ornate altar of the Wu Jian Council.
    97 | D        | Found Zytz's Premium Goods.
    97 | D        | Found Xakux's Weapon Rack.
    98 | D        | Found Fanet's Miscellaneous Merchandise.
    98 | D        | Found Meit's Basic Armour.
   102 | D        | Found a shadowy altar of Dithmenos.
   104 | D        | Found Modgh's Do-It-Yourself Clinic.
   104 | D        | Found a snail-covered altar of Cheibriados.
   104 | D        | Found a hide-covered altar of Uskayaw.
   104 | D        | Found a blossoming altar of Fedhas.
   104 | D        | Found Tuviblou's Distillery.
   105 | D        | Found Gucsoe's Bottled Wisdom.
   105 | D        | Found Baixaikk's Distillery.
   129 | D        | Noticed a phantom
   154 | D        | Killed a phantom
   154 | D        | Reached ** piety under Trog
   155 | D        | Reached skill level 7 in Polearms
   155 | D        | Reached XP level 3. HP: 39/39 MP: 2/2
   155 | D        | Reached XP level 4. HP: 47/47 MP: 3/3
   169 | D        | Arena points: 12 (+12) [x2]
   170 | D        | Reached skill level 8 in Polearms
   215 | D        | Round 2.
   215 | D        | Noticed Sigmund
   231 | D        | Killed Sigmund
   232 | D        | Reached skill level 10 in Fighting
   232 | D        | Reached skill level 10 in Polearms
   232 | D        | Reached skill level 5 in Armour
   232 | D        | Reached XP level 5. HP: 58/58 MP: 4/4
   232 | D        | Reached XP level 6. HP: 66/66 MP: 5/5
   243 | D        | Reached *** piety under Trog
   264 | D        | Reached skill level 5 in Dodging
   281 | D        | Reached **** piety under Trog
   281 | D        | Arena points: 54 (+42) [x3]
   282 | D        | Reached skill level 11 in Polearms
   321 | D        | Round 3.
   336 | D        | Reached skill level 12 in Polearms
   336 | D        | Reached XP level 7. HP: 74/74 MP: 6/6
   349 | D        | Reached ***** piety under Trog
   350 | D        | Reached skill level 13 in Polearms
   352 | D        | Arena points: 138 (+84) [x4]
   389 | D        | Round 4.
   419 | D        | Received a gift from Trog
   450 | D        | Reached XP level 8. HP: 85/85 MP: 7/7
   455 | D        | Arena points: 298 (+160) [x5]
   463 | D        | Bought a spiked hat for 315 gold pieces
   463 | D        | Identified the +0 hat of Experimentation {rF+} (You bought
                  | it in a shop in the Dungeon)
   502 | D        | Round 5.
   512 | D        | Noticed a giant anaconda
   524 | D        | Noticed a black mamba
   537 | D        | Killed a giant anaconda
   537 | D        | Arena points: 578 (+280) [x7]
   538 | D        | Reached skill level 15 in Polearms
   540 | D        | Got a serpentine rune of Zot
   541 | D        | Reached skill level 16 in Polearms
   541 | D        | Reached XP level 9. HP: 42/96 MP: 8/8
   590 | D        | Bought a pair of scorched boots for 332 gold pieces
   590 | D        | Identified the +2 pair of boots of Qitocuy {*Slow +Inv
                  | Int+3} (You bought it in a shop in the Dungeon)
   713 | D        | Round 6.
   719 | D        | Noticed a phantasmal warrior
   732 | D        | Killed a phantasmal warrior
   732 | D        | Received a gift from Trog
   733 | D        | Reached skill level 15 in Fighting
   733 | D        | Reached skill level 10 in Armour
   733 | D        | Reached XP level 10. HP: 104/106 MP: 9/9
   736 | D        | Noticed an eidolon
   752 | D        | Killed an eidolon
   753 | D        | Reached skill level 17 in Polearms
   780 | D        | Noticed Nergalle
   789 | D        | Killed Nergalle
   790 | D        | Reached skill level 18 in Polearms
   819 | D        | Noticed an eidolon
   830 | D        | Killed an eidolon
   830 | D        | Arena points: 962 (+384) [x8]
   831 | D        | Reached skill level 1 in Stealth
   842 | D        | Bought a pair of fading gloves for 332 gold pieces
   842 | D        | Identified the +0 pair of gloves of Fedhas's Whim {Will++}
                  | (You bought it in a shop in the Dungeon)
   883 | D        | Round 7.
   933 | D        | Reached skill level 19 in Polearms
  1008 | D        | Noticed a flayed ghost
  1026 | D        | Killed a flayed ghost
  1026 | D        | Arena points: 1466 (+504) [x9]
  1044 | D        | Bought a polished cloak for 332 gold pieces
  1044 | D        | Identified the +1 cloak of the Boiling Point {Will+ Str+2}
                  | (You bought it in a shop in the Dungeon)
  1077 | D        | Round 8.
  1106 | D        | Killed a ghost moth
  1106 | D        | Received a gift from Trog
  1107 | D        | Reached XP level 11. HP: 86/118 MP: 0/10
  1109 | D        | Noticed a broodmother
  1113 | D        | Noticed a wolf spider
  1131 | D        | Killed a broodmother
  1132 | D        | Reached skill level 20 in Polearms
  1185 | D        | Noticed an emperor scorpion
  1189 | D        | Noticed an emperor scorpion
  1191 | D        | Noticed a boulder beetle
  1198 | D        | Killed an emperor scorpion
  1201 | D        | Killed an emperor scorpion
  1207 | D        | Noticed a radroach
  1212 | D        | Killed a radroach
  1212 | D        | Received a gift from Trog
  1213 | D        | Reached skill level 21 in Polearms
  1218 | D        | Killed a boulder beetle
  1218 | D        | Arena points: 2266 (+800) [x10]
  1219 | D        | Reached skill level 15 in Armour
  1231 | D        | Bought an ancient leather armour for 245 gold pieces
  1231 | D        | Identified the +0 leather armour of Faexophe {rN+} (You
                  | bought it in a shop in the Dungeon)
  1259 | D        | Round 9.
  1276 | D        | Noticed an oklob plant
  1331 | D        | Killed an oklob plant
  1351 | D        | Received a gift from Trog
  1357 | D        | Arena points: 3157 (+891) [x11]
  1427 | D        | Round 10.
  1432 | D        | Noticed Arachne
  1461 | D        | Killed from afar by Arachne

Illustrated notes

Levels and vault maps discovered:
D:        arena_sprint

Skill      XL: |  1  2  3  4  5  6  7  8  9 10 11 |
---------------+----------------------------------+-----
Fighting       | 5 7 10 11 12 14 15 17 20 | 20.1
Polearms       | 5 7 10 12 13 16 19 21 | 21.4
Armour         | 3 4 5 6 7 9 10 13 15 | 15.5
Dodging        | 3 4 5 6 7 8 9 |  9.9
Stealth        | 1 2 |  2.3

Action                     |  1- 3 |  4- 6 |  7- 9 | 10-12 || total
---------------------------+-------+-------+-------+-------++-------
  Melee: Spear             |    29 |    12 |       |       ||    41
         Headbutt          |     3 |     6 |     9 |    41 ||    59
         Halberd           |       |    15 |    58 |   140 ||   213
 Invoke: Berserk           |     1 |     2 |     3 |     3 ||     9
         Brothers in Arms  |       |       |       |     4 ||     4
    Use: Potion            |       |       |     1 |     3 ||     4
         Scroll            |       |       |       |     1 ||     1
 Armour: Chain mail        |    10 |     7 |    16 |    68 ||   101
         Leather armour    |       |       |       |    10 ||    10
  Dodge: Dodged            |    10 |    12 |    32 |   107 ||   161
